 Dungeon Crawl Stone Soup version 0.30.1-4-g462c640d31 (webtiles) character file.

Game seed: 12779969970785467226

25745 GasterBasher2 the Impaler (level 12, -1/166 HPs)
             Began as a Minotaur Berserker on Sept 5, 2023.
             Was a High Priest of Trog.
             Slain by an ironbound preserver
             ... wielding a +0 dire flail
              (5 damage)
             ... while petrified by a catoblepas
             ... on level 14 of the Dungeon.
             The game lasted 00:28:26 (11682 turns).

GasterBasher2 the Impaler (Minotaur Berserker)     Turns: 11682, Time: 00:28:28

Health: -1/166     AC: 21    Str: 26    XL:     12   Next: 92%
Magic:  11/11      EV:  2    Int:  4    God:    Trog [*****.]
Gold:   944        SH:  0    Dex: 14    Spells: 11/11 levels left

rFire   + . .        E - +2 spear (heavy)
rCold   . . .        y - +1 tower shield
rNeg    + + +        s - +4 chain mail of Wasted Space {Dex+3}
rPois   ∞            (helmet restricted)
rElec   .            (no cloak)
rCorr   .            m - +1 pair of gloves "Emnaaril" {*Slow Will+ Slay+5}
SInv    .            v - +1 pair of boots
Will    +....        C - amulet of reflection Stlth
                     e - +5 ring of evasion
HPRegen 0.47/turn    u - ring of protection from fire
MPRegen 0.12/turn

%: slow self (1%), reflection
@: mighty, berserking, petrified
A: horns 2, retaliatory headbutt
a: Renounce Religion, Berserk, Trog's Hand, Brothers in Arms


You were on level 14 of the Dungeon.
You worshipped Trog.
Trog was extremely pleased with you.
You visited 1 branch of the dungeon, and saw 14 of its levels.

You collected 944 gold pieces.

Inventory:

Hand Weapons
 a - a +4 spear
 E - a +2 heavy spear (weapon)
Missiles
 r - 2 throwing nets (quivered)
Armour
 m - the +1 pair of gloves "Emnaaril" (worn) {*Slow Will+ Slay+5}
   (You found it on level 2 of the Dungeon)

   Slay:      It affects your accuracy & damage with ranged weapons and melee
   (+5).
   *Slow:     It may slow you when you take damage.
   Will:      It increases your willpower.
 s - the +4 chain mail of Wasted Space (worn) {Dex+3}
   (You found it on level 4 of the Dungeon)

   Dex:       It affects your dexterity (+3).
 v - a +1 pair of boots (worn)
 y - a +1 tower shield (worn)
Jewellery
 e - a +5 ring of evasion (left hand)
 h - a ring of ice
 n - a ring of resist corrosion
 q - a ring of positive energy
 u - a ring of protection from fire (right hand)
 C - an amulet of reflection (around neck)
Wands
 b - a wand of roots (8)
 t - a wand of paralysis (20)
 z - a wand of light (14)
 F - a wand of polymorph (6)
Scrolls
 g - 5 scrolls of teleportation
 j - 2 scrolls of fog
 p - 3 scrolls of blinking
 D - a scroll of magic mapping
 G - a scroll of amnesia {unknown}
 H - a scroll of enchant armour
Potions
 c - 4 potions of berserk rage
 d - 6 potions of degeneration
 i - 2 potions of cancellation
 k - 6 potions of curing
 l - 3 potions of brilliance
 o - 2 potions of lignification
 w - a potion of heal wounds {unknown}
 x - a potion of flight {unknown}
 B - a potion of haste {unknown}
Miscellaneous
 A - a phantom mirror (inert)


   Skills:
 + Level 11.7 Fighting
 + Level 15.0 Polearms
 + Level 12.2 Armour
 + Level 5.8 Dodging
 + Level 2.4 Stealth
 + Level 12.6 Shields
 + Level 1.7 Evocations


You had 11 spell levels left.
You didn't know any spells.
Your spell library was empty.

Dungeon Overview and Level Annotations

Branches:
Dungeon (14/15)            Temple (0/1) D:6            Lair (0/5) D:10
    Orc (0/2) D:11         Vaults (0/5) D:14

Altars:
Ashenzari
Cheibriados
Dithmenos
Fedhas
Hepliaklqana
Kikubaaqudgha
Nemelex Xobeh
Okawaru
Yredelemnul
The Shining One

Annotations:
D:14 Kirke


Innate Abilities, Weirdness & Mutations

You have a pair of horns on your head.
You reflexively headbutt those who attack you in melee.


Message History

* * * LOW HITPOINT WARNING * * *
The catoblepas gores you but does no damage.
The ironbound preserver mumbles some strange words.
The ironbound preserver is healed somewhat.
The efreet hits you with a +0 scimitar of flaming!
* * * LOW HITPOINT WARNING * * *
The efreet burns you.
* * * LOW HITPOINT WARNING * * *
The catoblepas barely misses you.
The tengu conjurer casts a spell.
The tengu conjurer blinks!
The catoblepas breathes a plume of calcifying dust at you.
The blast of calcifying dust hits you but does no damage.
The ironbound preserver mumbles some strange words.
The ironbound preserver begins to accept its allies' injuries.
The efreet hits you but does no damage.
Kirke whispers, "No Minotaur can resist me..."
You are engulfed in calcifying dust.
The catoblepas gores you!
* * * LOW HITPOINT WARNING * * *
The ironbound preserver hits you but does no damage.
The efreet hits you but does no damage.
You are engulfed in calcifying dust.
The catoblepas gores you!!
* * * LOW HITPOINT WARNING * * *
The ironbound preserver hits you with a +0 dire flail!!
* * * LOW HITPOINT WARNING * * *
The efreet hits you but does no damage.
You are engulfed in calcifying dust.
The catoblepas gores you!
* * * LOW HITPOINT WARNING * * *
The ironbound preserver hits you with a +0 dire flail.
* * * LOW HITPOINT WARNING * * *
The efreet hits you but does no damage.
A freezing wraith comes into view.
You are engulfed in calcifying dust.
The centaur warrior is no longer petrified.
The centaur warrior hits you but does no damage.
The centaur warrior kicks you but does no damage.
The tengu conjurer gestures wildly while chanting.
The tengu conjurer blinks!
The catoblepas gores you.
The ironbound preserver hits you with a +0 dire flail!
You die...

#.....<#####
#..##...#...
########.####......
#.§..)#..#####.....
#.....#..##........
#.§...#..###......#
#.....#...#......##
#.....##.........##
##..#c@####..........##
....hlRYp§.............#
....hhhc...............)
###.@#''####.......#.#..
.'..#.....#.Q..........
..'W #.....#............
..# #.....#.........#..
.. #.....#.......#....
#....∩#.......#.)..


You could see Kirke (sheltered), an ironbound preserver, a catoblepas, 2 centaur
warriors, a freezing wraith, an efreet, a basilisk (sheltered), 4 hogs and a
tengu conjurer.

Vanquished Creatures
  2 hydras
  Erica (D:9)
  2 centaur warriors
  A two-headed ogre (D:11)
  A boulder beetle (D:12)
  2 tengu warriors
  Lodul (D:14)
  A wizard (D:14)
  Pikel (D:7)
  A deep elf pyromancer (D:14)
  A cyclops (D:13)
  2 manticores
  2 gargoyles (D:13)
  2 unseen horrors
  3 kobold demonologists
  2 komodo dragons
  3 tengu conjurers
  2 trolls
  A wind drake (shapeshifter) (D:13)
  3 meliai (D:13)
  A hornet (D:9)
  4 slime creatures
  2 shadows
  A water elemental (D:12)
  A wraith (D:10)
  Eustachio (D:6)
  11 yaks
  A vampire (D:12)
  3 wyverns (D:10)
  A basilisk (D:10)
  9 vampire mosquitoes
  4 steam dragons
  An acid dragon (D:13)
  6 water moccasins
  2 sky beasts
  3 ice beasts
  A black bear (D:7)
  8 ogres
  7 centaurs
  2 lemures (D:7)
  A phantom (D:5)
  7 kobold brigands
  4 bullfrogs
  A wyvern zombie (D:6)
  4 gnoll sergeants
  4 scorpions
  4 wights (D:9)
  9 killer bees (D:8)
  2 howler monkeys
  A centaur zombie (D:6)
  2 bullfrog zombies (D:6)
  7 orc priests
  A hound (D:5)
  3 jellies
  3 gnoll boudas
  Jessica (D:2)
  Terence (D:2)
  4 iguanas
  6 orc wizards
  A killer bee zombie (D:6)
  A howler monkey zombie (D:6)
  29 gnolls
  7 adders
  An ufetubus (D:5)
  2 worms
  4 dart slugs
  28 orcs
  7 endoplasms
  6 giant cockroaches
  6 hobgoblins
  3 jackals (D:4)
  A quokka (D:3)
  7 ball pythons
  4 bats
  2 frilled lizards
  3 goblins (D:1)
  29 kobolds
  6 rats
315 creatures vanquished.

Vanquished Creatures (collateral kills)
  A two-headed ogre (D:11)
  A troll (D:11)
  2 orc warriors (D:11)
  3 ogres
  A kobold brigand (D:11)
  3 gnoll sergeants (D:11)
  A gnoll (D:11)
  4 orcs (D:11)
16 creatures vanquished.

Vanquished Creatures (others)
  A manticore (D:11)
  A human (D:3)
2 creatures vanquished.

Grand Total: 333 creatures vanquished

Notes
Turn   | Place    | Note
-------+----------+-------------------------------------------
     0 | D:1      | GasterBasher2 the Minotaur Berserker began the quest for
                  | the Orb.
     0 | D:1      | Reached XP level 1. HP: 19/19 MP: 0/0
   292 | D:1      | Reached XP level 2. HP: 27/27 MP: 1/1
   359 | D:1      | Reached skill level 4 in Polearms
   985 | D:2      | Reached XP level 3. HP: 34/34 MP: 2/2
  1009 | D:2      | Reached ** piety under Trog
  1105 | D:2      | Noticed Jessica
  1111 | D:2      | Killed Jessica
  1112 | D:2      | Reached XP level 4. HP: 37/41 MP: 3/3
  1156 | D:2      | Found a faded altar of an unknown god.
  1197 | D:2      | Noticed Terence
  1200 | D:2      | Killed Terence
  1206 | D:2      | Identified the +1 pair of gloves "Emnaaril" {*Slow Will+
                  | Slay+5}
  1755 | D:3      | Reached skill level 5 in Polearms
  1758 | D:3      | Reached skill level 5 in Fighting
  1777 | D:3      | Found a broken altar of Ashenzari.
  2055 | D:3      | Reached XP level 5. HP: 48/48 MP: 4/4
  2118 | D:3      | Found an ancient bone altar of Kikubaaqudgha.
  2118 | D:3      | Noticed a human
  2393 | D:3      | Killed a human
  2575 | D:4      | Found a glowing golden altar of the Shining One.
  2750 | D:4      | Found a sparkling altar of Nemelex Xobeh.
  2892 | D:4      | Reached skill level 6 in Polearms
  2892 | D:4      | Reached XP level 6. HP: 47/56 MP: 5/5
  2931 | D:4      | Identified the +4 chain mail of Wasted Space {Dex+3}
  3151 | D:5      | Entered Level 5 of the Dungeon
  3239 | D:5      | Reached *** piety under Trog
  3248 | D:5      | Reached skill level 7 in Polearms
  3279 | D:5      | Reached XP level 7. HP: 54/61 MP: 6/6
  3665 | D:5      | Reached skill level 1 in Stealth
  3772 | D:5      | Reached skill level 8 in Polearms
  3772 | D:5      | Reached skill level 5 in Armour
  4036 | D:6      | Reached XP level 8. HP: 63/70 MP: 7/7
  4037 | D:6      | Reached skill level 9 in Polearms
  4088 | D:6      | Noticed Eustachio
  4112 | D:6      | Killed Eustachio
  4185 | D:6      | Reached skill level 10 in Polearms
  4248 | D:6      | Found a basalt altar of Yredelemnul.
  4377 | D:6      | Reached **** piety under Trog
  4422 | D:6      | Found a shadowy altar of Dithmenos.
  4504 | D:6      | Found a staircase to the Ecumenical Temple.
  4854 | D:7      | Reached skill level 11 in Polearms
  4854 | D:7      | Reached XP level 9. HP: 78/78 MP: 8/8
  4859 | D:7      | Found a flagged portal.
  5003 | D:7      | Identified the +5 short sword of Compulsion {pain, rN++}
  5075 | D:7      | Noticed Pikel
  5090 | D:7      | Killed Pikel
  5091 | D:7      | Reached skill level 1 in Shields
  5147 | D:7      | Reached skill level 12 in Polearms
  6140 | D:8      | Reached XP level 10. HP: 79/88 MP: 9/9
  6232 | D:8      | Found a blossoming altar of Fedhas.
  6233 | D:8      | Found a snail-covered altar of Cheibriados.
  6651 | D:9      | Reached skill level 13 in Polearms
  6759 | D:9      | Noticed Erica
  6785 | D:9      | Killed Erica
  7057 | D:9      | Reached ***** piety under Trog
  7522 | D:10     | Entered Level 10 of the Dungeon
  7537 | D:10     | Noticed a seven-headed hydra
  7655 | D:10     | Killed a seven-headed hydra
  7656 | D:10     | Reached skill level 10 in Armour
  7665 | D:10     | Reached skill level 5 in Shields
  7666 | D:10     | Reached XP level 11. HP: 88/97 MP: 10/10
  7893 | D:10     | Found a staircase to the Lair.
  8075 | D:10     | Found a hazy altar of Hepliaklqana.
  8280 | D:11     | Reached skill level 14 in Polearms
  8662 | D:11     | Reached skill level 5 in Dodging
  8713 | D:11     | Noticed a two-headed ogre
  8725 | D:11     | Killed a two-headed ogre
  8913 | D:11     | Reached skill level 10 in Fighting
  8947 | D:11     | Found a staircase to the Orcish Mines.
  8979 | D:11     | Noticed a two-headed ogre
  8989 | D:11     | Killed a two-headed ogre
  9383 | D:12     | Reached skill level 1 in Evocations
  9439 | D:12     | Noticed a centaur warrior
  9444 | D:12     | Killed a centaur warrior
  9445 | D:12     | Reached XP level 12. HP: 99/108 MP: 11/11
  9587 | D:12     | Reached skill level 10 in Shields
  9722 | D:12     | Noticed a boulder beetle
  9744 | D:12     | Killed a boulder beetle
 10091 | D:12     | Found an iron altar of Okawaru.
 10464 | D:13     | Received a gift from Trog
 10572 | D:13     | Noticed a tengu warrior
 10584 | D:13     | Killed a tengu warrior
 11008 | D:13     | Noticed a centaur warrior
 11010 | D:13     | Killed a centaur warrior
 11534 | D:14     | Noticed Lodul
 11553 | D:14     | Killed Lodul
 11555 | D:14     | Noticed a tengu warrior
 11576 | D:14     | Killed a tengu warrior
 11577 | D:14     | Reached skill level 15 in Polearms
 11647 | D:14     | Noticed an eight-headed hydra
 11654 | D:14     | Found a gate to the Vaults.
 11654 | D:14     | Noticed an ironbound preserver
 11665 | D:14     | Noticed a centaur warrior
 11666 | D:14     | Noticed a catoblepas
 11669 | D:14     | Noticed a centaur warrior
 11669 | D:14     | Killed an eight-headed hydra
 11670 | D:14     | Noticed Kirke
 11681 | D:14     | HP: 6/166 [catoblepas (5)]
 11682 | D:14     | Slain by an ironbound preserver

Illustrated notes

Levels and vault maps discovered:
D:1:      lemuel_arrival_room, layout_basic
D:2:      layout_loops_ring, shapermc_ecumenical_altar_flowoftime, uniq_jessica,
          uniq_terence
D:3:      layout_basic, tgw_kikubaaqudgha, nicolae_ashenzari_panopticon,
          hangedman_decor_push
D:4:      layout_basic, mainiacjoe_overflow_24_doors, tso_oasis_becter
D:5:      layout_layer_cave, bh_walls_and_bars
D:6:      layout_cave_pools, mainiacjoe_overflow_cross_hatched,
          nicolae_yredelemnul_corpse_copse, minmay_temple_entry_mist,
          uniq_eustachio
D:7:      layout_cave_pods, enter_bailey_2, uniq_pikel
D:8:      layout_basic, mainiacjoe_overflow_divided_tiny, st_stairs_8
D:9:      layout_loops_ring, uniq_erica
D:10:     layout_gridville, lemuel_round_altar, minmay_lair_entry_grove
D:11:     layout_roguey, kennysheep_orc_monster_closet_entryway
D:12:     layout_loops_corners, kennysheep_donut, okawaru_altar_gauntlet_db
D:13:     layout_stronghold
D:14:     layout_cave_pools, skrybe_vaults_entry_preservation,
          nicolae_trove_entry_columns, nicolae_figureground_sparkle, uniq_lodul,
          uniq_roxanne, uniq_kirke

Skill      XL: |  1  2  3  4  5  6  7  8  9 10 11 12 |
---------------+-------------------------------------+-----
Fighting       | 4 5 6 7 9 10 11 | 11.7
Polearms       | 4 5 6 7 8 11 12 13 14 15 | 15.0
Armour         | 3 4 5 6 8 10 11 12 | 12.2
Dodging        | 3 4 5 |  5.8
Stealth        | 1 2 |  2.4
Shields        | 2 5 9 12 | 12.6
Evocations     | 1 |  1.7

Action                     |  1- 3 |  4- 6 |  7- 9 | 10-12 || total
---------------------------+-------+-------+-------+-------++-------
  Melee: Spear             |    82 |   127 |   231 |   493 ||   933
         Headbutt          |     9 |    12 |    38 |    93 ||   152
         Punch             |       |       |     2 |       ||     2
 Invoke: Berserk           |       |       |     1 |     4 ||     5
         Trog's Hand       |       |       |       |     1 ||     1
         Brothers in Arms  |       |       |       |     1 ||     1
  Evoke: Wand              |       |       |       |     8 ||     8
         Phantom mirror    |       |       |       |     2 ||     2
    Use: Scroll            |     3 |     9 |     4 |     7 ||    23
         Potion            |       |       |       |     2 ||     2
 Armour: Animal skin       |     7 |       |       |       ||     7
         Scale mail        |     6 |     3 |       |       ||     9
         Chain mail        |       |    17 |    46 |   159 ||   222
  Dodge: Dodged            |    24 |    27 |    93 |   173 ||   317
  Block: Tower shield      |       |       |    48 |   440 ||   488
         Reflection        |       |       |       |    33 ||    33
